 Dungeon Crawl Stone Soup version 0.32-a0-673-g3729bd50f8 (webtiles) character file.

Game seed: 217776672492276757

63 ASSMAN the Ruffian (level 3, -5/3 HPs)
             Began as a Troll Chaos Knight on Mar 10, 2024.
             Was a Plaything of Xom.
             Slain by a kobold
             ... wielding a +0 war axe
              (8 damage)
             ... on level 2 of the Dungeon.
             The game lasted 00:01:33 (1413 turns).

ASSMAN the Ruffian (Troll Chaos Knight)             Turns: 1413, Time: 00:01:33

Health: -5/3       AC:  4    Str: 22    XL:     3   Next: 89%
Magic:  2/2        EV:  9    Int:  8    God:    Xom [......]
Gold:   90         SH:  0    Dex:  9    Spells: 2/2 levels left

rFire   . .          .
                       - Unarmed
rCold   . . .        (no shield)
rNeg    . . .        a - melded +2 robe
rPois   .            (helmet restricted)
rElec   .            (no cloak)
rCorr   .            (gloves unavailable)
SInv    .            (boots unavailable)
Will    .....        (no amulet)
Stlth   +            (no ring)
HPRegen 1.00/turn    (no ring)
MPRegen 0.08/turn

%: no passive effects
@: maw-form
A: devouring maw, reduced hp, large, unfitting armour, claws 3, regeneration 1,
shaggy fur 1, tough skin 1, iridescent scales 1, teleportitis 1
a: Begin Untransformation, Renounce Religion


You were on level 2 of the Dungeon.
You worshipped Xom.
You were a very special plaything of Xom.
You were a creature with a mouth for a stomach.
You visited 1 branch of the dungeon, and saw 2 of its levels.

You collected 90 gold pieces.

Inventory:

Armour
 a - a +2 robe (melded)
Talismans
 f - a storm talisman
 g - a maw talisman (active)
Scrolls
 b - a scroll of butterflies
 c - a scroll of teleportation {unknown}
 h - a scroll of identify {unknown}
Potions
 d - a potion of curing {unknown}
 e - a potion of attraction {unknown}


   Skills:
 - Level 2.4 Fighting
 - Level 1.9 Dodging
 + Level 4.8 Unarmed Combat


You had 2 spell levels left.
You didn't know any spells.
Your spell library was empty.

Dungeon Overview and Level Annotations

Branches:
Dungeon (2/15)

Altars:

Shops:
D:1 =

Annotations:
D:2 1 runed translucent door, Crazy Yiuf


Innate Abilities, Weirdness & Mutations

You are a creature with a mouth for a stomach.
Your midsection houses a second, enormous mouth.
Your maximum health is decreased, since you lack skill for your form.
You are too large for most types of armour.
You have claws for hands.
Your natural rate of healing is unusually fast.
You are covered in fur. (AC +1)
You have tough skin. (AC +1)
You are partially covered in iridescent scales. (AC +2)
You are occasionally teleported next to monsters.


Message History

You see here a ribbon worm corpse.
You see here a ribbon worm corpse.
Found a hammer.
Found a hammer.
Found a runed translucent door.
Crazy Yiuf shouts!
Crazy Yiuf says, "The life which is unexamined is not worth living."
You see here a rat skeleton.
You see here a quokka skeleton.
You open the door.
There is an open door here.
Found a club.
No target in view!
No target in view!
No target in view!
Okay, then.
A bat comes into view.
A bat is nearby!
A bat is nearby!
A bat is nearby!
Found a scroll labelled NAALAH KULUOQ.
The bat barely misses you.
You claw the bat!
You kill the bat!
No target in view!
No target in view!
Attack: -) Claws
Press: ? - help, Dir - move target, f - you
Okay, then.
You begin transforming.
You continue transforming. x3
You turn into a creature with a mouth for a stomach.
Your +2 robe melds into your body.
You see here a +0 club.
h - a scroll labelled NAALAH KULUOQ You open the door.
There is an open door here.
A kobold comes into view. It is wielding a +0 war axe.
The kobold shouts!
There is an open door here.
The kobold hits you with a +0 war axe!
Ouch! That really hurt!
You die...

#..........##.....#
#.................#
#######'#.......#.#
#.#.......#.#
######.#...)...#.#
#......#####.....#
#####'######..........
#..........#..........
#....W.....#.....^....
#....K.....#..........
##........##########..
.'........# #..
#.##........# #####..
# #........# #......
#........# #......
#........# #......
#......


You could see a kobold.

Vanquished Creatures
  4 gnolls (D:2)
  2 ribbon worms (D:2)
  A bat (D:2)
  3 endoplasms (D:1)
  A giant cockroach (D:1)
  2 goblins (D:2)
  A quokka (D:2)
  3 ball pythons
  A frilled lizard (D:2)
  3 kobolds (D:1)
  3 rats
24 creatures vanquished.

Notes
Turn   | Place    | Note
-------+----------+-------------------------------------------
     0 | D:1      | ASSMAN the Troll Chaos Knight began the quest for the Orb.
     0 | D:1      | Reached XP level 1. HP: 22/22 MP: 0/0
    73 | D:1      | XOM: silly message
   370 | D:1      | Found Pinioc's Jewellery Emporium.
   656 | D:1      | XOM: blink monster(s)
   815 | D:1      | Reached XP level 2. HP: 29/29 MP: 1/1
   942 | D:2      | XOM: give mutations
   942 | D:2      | Gained mutation: You are partially covered in iridescent
                  | scales. (AC +2) [Xom's mischief]
   942 | D:2      | Gained mutation: You are occasionally teleported next to
                  | monsters. [Xom's mischief]
   982 | D:2      | XOM: confusion (+ monsters)
   986 | D:2      | Reached skill level 4 in Unarmed Combat
   991 | D:2      | Reached XP level 3. HP: 15/36 MP: 2/2
  1134 | D:2      | XOM: god gift: plate armour {god gift}
  1336 | D:2      | Found a runed translucent door.
  1337 | D:2      | Noticed Crazy Yiuf
  1413 | D:2      | Slain by a kobold

Illustrated notes

Levels and vault maps discovered:
D:1:      dpeg_arrival_central, layout_loops_corners, serial_shops,
          nicolae_shop_peninsula
D:2:      layout_basic, minmay_rat_gold_closets, uniq_crazy_yiuf_cottage

Skill      XL: |  1  2 |
---------------+-------+-----
Unarmed Combat | 4 |  4.8
Fighting       | |  2.4
Dodging        | |  1.9

Action                     || total
---------------------------++-------
  Melee: Unarmed           ||    65
   Stab: Confused          ||     2
 Armour: Robe              ||    44
         Skin              ||     1
  Dodge: Dodged            ||    28
   Form: Maw               ||     1

Table legend: (Time is in decaauts)
 A = Elapsed time spent in this place.
 B = Non-inter-level travel time spent in this place.
 C = Inter-level travel time spent in this place.
 D = Time resting spent in this place.
 E = Time spent auto-exploring this place.
 F = Levels seen in this place.
 G = Mean time per level.
                   A        B        C        D        E       F      G
               +--------+--------+--------+--------+--------+-----+--------+
         Total |   1407 |   1403 |      4 |      0 |   1232 |   2 |  703.5 |
       Dungeon |   1407 |   1403 |      4 |      0 |   1232 |   2 |  703.5 |
               +--------+--------+--------+--------+--------+-----+--------+

Top non-repeatable levels by time:
     D:1: 862 daAuts
     D:2: 545 daAuts
